 Dungeon Crawl Stone Soup version 0.32-a0-975-g85d4e5bfdb (webtiles) character file.

Game seed: 9613350524331068787

795 trashops the Cleaver (level 7, 0/53 HPs)
             Began as a Mountain Dwarf Fighter on Apr 19, 2024.
             Slain by a fire bat (5 damage)
             ... on level 1 of the Abyss.
             The game lasted 00:08:00 (2863 turns).

trashops the Cleaver (Mountain Dwarf Fighter)       Turns: 2863, Time: 00:08:01

Health: 0/53       AC: 18    Str: 20      XL:     7   Next: 58%
Magic:  7/7        EV:  4    Int:  6 (7)  God:
Gold:   150        SH:  4    Dex: 13      Spells: 6/6 levels left

rFire   . . .        a - +0 war axe
rCold   . . .        c - +0 buckler
rNeg    . . .        h - +0 plate armour
rPois   .            j - +2 helmet
rElec   .            f - +2 cloak
rCorr   .            (no gloves)
SInv    .            (no boots)
Will    .....        (no amulet) Stlth
                     (no ring)
HPRegen 0.28/turn    (no ring)
MPRegen 0.10/turn

%: no passive effects
@: no status effects
A: runic magic, artefact enchanting, agile 1, frail 1
a: no special abilities


You were on level 1 of the Abyss.
You visited 1 branch of the dungeon, and saw 4 of its levels.
You visited the Abyss 1 time.

You collected 150 gold pieces.

Inventory:

Hand Weapons
 a - a +0 war axe (weapon)
Armour
 c - a +0 buckler (worn)
 f - a +2 cloak (worn)
 h - a +0 plate armour (worn)
 j - a +2 helmet (worn)
Wands
 e - a wand of quicksilver (3)
 l - a wand of charming (8)
Scrolls
 b - 4 scrolls of identify
 k - a scroll of enchant armour {unknown}
Potions
 d - 3 potions of might
 m - 3 potions of enlightenment


   Skills:
 + Level 4.3 Fighting
 * Level 9.1 Axes
 + Level 4.4 Armour
 + Level 4.0 Shields


You had 6 spell levels left.
You didn't know any spells.
Your spell library was empty.

Dungeon Overview and Level Annotations

Branches:
Dungeon (4/15)
 Temple: D:4-7

Altars:
Hepliaklqana
Kikubaaqudgha

Annotations:
D:4 3 runed translucent doors, 1 transporter, Robin


Innate Abilities, Weirdness & Mutations

Your spellcasting is much less encumbered by armour.
You can use scrolls of enchantment on lesser artefacts.
You are agile. (Dex +4, Str/Int -1)
You are frail. (-10% HP)


Message History

Robin hits you but does no damage.
You blink.
The hobgoblin hits you from afar with a +0 spear.
* * * LOW HITPOINT WARNING * * *
The hobgoblin closely misses you.
You hit the hobgoblin.
The hobgoblin is almost dead.
Robin hits you but does no damage.
You are cast into the Abyss!
This branch contains the abyssal rune of Zot.
You feel better.
You feel extremely strange.
You feel agile.
You feel frail.
A fire bat comes into view.
The fire bat moves out of view.
A fire bat comes into view.
A fire bat comes into view.
The fire bat bites you but does no damage.
The fire bat bites you but does no damage. x3
You block the fire bat's attack.
The fire bat bites you but does no damage.
The fire bat barely misses you.
The fire bat bites you but does no damage. x3
The fire bat attacks as it pursues you! The fire bat bites you.
You are engulfed in flames!
The fire bat bites you.
You are engulfed in flames!
The fire bat bites you but does no damage.
The fire bat bites you but does no damage.
The fire bat bites you but does no damage.
A fire bat comes into view.
The fire bat bites you but does no damage.
The fire bat moves out of view.
The fire bat attacks as it pursues you!
The fire bat bites you but does no damage. x2
The fire bat bites you.
* * * LOW HITPOINT WARNING * * *
You are engulfed in flames!
* * * LOW HITPOINT WARNING * * *
The fire bat attacks as it pursues you! The fire bat bites you.
* * * LOW HITPOINT WARNING * * *
You are engulfed in flames.
You die...

.....## ####... ...
..∩....##.... ..#
.##.##.#...## ..#
#ß...#.......# #.##
............###.. # #
...........b..#
..........§.b§§.#### ≈
≈ ≈ §≈§§§§§§§b...#
≈≈≈.≈≈≈#≈≈≈≈≈§§.@#..#
.≈ ≈≈≈≈§§≈≈≈≈≈≈§....#
≈≈≈≈≈≈≈≈≈§§§≈≈#..##...#
§≈§#§≈≈≈≈≈§≈§≈§....# ##
≈#§≈≈§≈≈≈≈≈≈≈≈...#..
≈§≈ ≈ ≈≈§≈≈≈≈≈.#.##.#
.§≈≈#§#... # ≈≈≈ ###


You could see a fire bat.

Vanquished Creatures
  Pikel (D:4)
  A kobold brigand (D:3)
  2 scorpions (D:4)
  4 adders
  2 dart slugs
  3 ribbon worms
  3 ball pythons (D:1)
  10 bats
  6 endoplasms
  6 giant cockroaches
  17 goblins
  13 hobgoblins
  A quokka (D:4)
  5 frilled lizards
  8 kobolds
  11 rats
93 creatures vanquished.

Notes
Turn   | Place    | Note
-------+----------+-------------------------------------------
     0 | D:1      | trashops the Mountain Dwarf Fighter began the quest for the
                  | Orb.
     0 | D:1      | Reached XP level 1. HP: 19/19 MP: 1/1
   246 | D:1      | Reached XP level 2. HP: 22/26 MP: 2/2
   361 | D:1      | Reached skill level 3 in Axes
   539 | D:1      | Reached XP level 3. HP: 31/31 MP: 3/3
  1095 | D:2      | Reached skill level 4 in Axes
  1122 | D:2      | Found a faded altar of an unknown god.
  1360 | D:2      | Found an ancient bone altar of Kikubaaqudgha.
  1508 | D:3      | Reached XP level 4. HP: 37/39 MP: 4/4
  1902 | D:3      | Reached skill level 5 in Axes
  1987 | D:3      | Found a faded altar of an unknown god.
  1987 | D:3      | Noticed a kobold brigand
  1990 | D:3      | Found a hazy altar of Hepliaklqana.
  2055 | D:3      | Killed a kobold brigand
  2056 | D:3      | Reached XP level 5. HP: 46/46 MP: 5/5
  2394 | D:4      | Found a runed translucent gate.
  2394 | D:4      | Found a runed translucent gate.
  2433 | D:4      | Found a runed translucent gate.
  2486 | D:4      | Reached skill level 6 in Axes
  2543 | D:4      | Noticed a lemure
  2547 | D:4      | Noticed Pikel
  2550 | D:4      | Noticed a lemure
  2552 | D:4      | Noticed a lemure
  2552 | D:4      | Noticed a lemure
  2560 | D:4      | Reached XP level 6. HP: 15/52 MP: 6/6
  2571 | D:4      | Killed Pikel
  2572 | D:4      | Reached skill level 9 in Axes
  2572 | D:4      | Reached XP level 7. HP: 21/59 MP: 7/7
  2748 | D:4      | Found a transporter.
  2757 | D:4      | Noticed Robin
  2772 | Abyss:1  | Cast into level 1 of the Abyss (Robin)
  2776 | Abyss:1  | Gained mutation: You are agile. (Dex +4, Str/Int -1)
                  | [potion of mutation]
  2776 | Abyss:1  | Gained mutation: You are frail. (-10% HP) [potion of
                  | mutation]
  2840 | Abyss:1  | Noticed a fire bat
  2853 | Abyss:1  | Noticed a fire bat
  2854 | Abyss:1  | Noticed a fire bat
  2861 | Abyss:1  | Noticed a fire bat
  2863 | Abyss:1  | Slain by a fire bat

Illustrated notes

Levels and vault maps discovered:
D:1:      heliophobic_arrival_glass_houses, layout_basic,
          minmay_misc_feat_columns
D:2:      layout_basic, chequers_ecumenical_altar_grove, basic_altar
D:3:      layout_rooms, beargit_hepliaklqana_dungeon_heroes
D:4:      gammafunk_steamed_eel, layout_cave_pools, lemuel_doored_altar,
          gammafunk_ghost_nasty_kobolds, uniq_robin, uniq_pikel
Abyss:1:  base: Temple, hangedman_abyss_or_decor_stabs, bh_abyss_exit_spiral

Skill      XL: |  1  2  3  4  5  6 |
---------------+-------------------+-----
Axes           | 3 4 5 6 9 |  9.1
Fighting       | 4 |  4.3
Armour         | 4 |  4.4
Shields        | 4 |  4.0

Action                     |  1- 3 |  4- 6 |  7- 9 || total
---------------------------+-------+-------+-------++-------
  Melee: War axe           |   148 |   126 |    18 ||   292
    Use: Scroll            |     2 |     4 |       ||     6
         Potion            |       |     6 |     2 ||     8
 Armour: Scale mail        |    31 |       |       ||    31
         Plate armour      |    96 |   147 |    49 ||   292
  Dodge: Dodged            |    53 |    32 |     7 ||    92
  Block: Buckler           |    36 |    20 |     8 ||    64

Table legend: (Time is in decaauts)
 A = Elapsed time spent in this place.
 B = Non-inter-level travel time spent in this place.
 C = Inter-level travel time spent in this place.
 D = Time resting spent in this place.
 E = Time spent auto-exploring this place.
 F = Levels seen in this place.
 G = Mean time per level.
                   A        B        C        D        E       F      G
               +--------+--------+--------+--------+--------+-----+--------+
         Total |   2950 |   2874 |     76 |    224 |   1848 |   5 |  590.0 |
       Dungeon |   2860 |   2784 |     76 |    224 |   1782 |   4 |  715.0 |
         Abyss |     90 |     90 |      0 |      0 |     66 |   1 |   90.0 |
               +--------+--------+--------+--------+--------+-----+--------+

Top non-repeatable levels by time:
     D:3: 959 daAuts
     D:1: 820 daAuts
     D:2: 691 daAuts
     D:4: 388 daAuts
 Abyss:1: 90 daAuts
